 Dungeon Crawl Stone Soup version 0.31-a0-370-g25055926c8 (webtiles) character file.

Game seed: 16841989180439910740

1696 Bnni the Cleaver (level 9, 0/74 HPs)
             Began as a Formicid Fighter on July 29, 2023.
             Was a Believer of Ru.
             Succumbed to a killer bee's poison
             ... on level 5 of the Dungeon.
             The game lasted 00:11:11 (5106 turns).

Bnni the Cleaver (Formicid Fighter)                 Turns: 5106, Time: 00:11:11

Health: 0/74       AC: 11    Str: 25 (26) XL:     9   Next: 23%
Magic:  9/9        EV:  6    Int:  6 (7)  God:    Ru [**....]
Gold:   252        SH:  4    Dex: 11 (13) Spells: 8/8 levels left

rFire   + . .        x - +0 battleaxe
rCold   + . .        c - +0 buckler
rNeg    . . .        l - +0 plate armour
rPois   +            (helmet unavailable)
rElec   +            (no cloak)
rCorr   +            (no gloves)
SInv    +            (no boots)
Will    .....        r - amulet of guardian spirit Stlth
                     (no ring)
HPRegen 0.32/turn    (no ring)
MPRegen 0.11/turn

%: guardian spirit
@: mighty, brilliant, lethally poisoned (0 -> -12), resistant
A: permanent stasis, dig shafts and tunnels, antennae 3, no air magic, no
translocations magic, no transmutations magic, four strong arms, no forms
a: Dig, Shaft Self, Renounce Religion


You were on level 5 of the Dungeon.
You worshipped Ru.
Ru was pleased with you.
You visited 1 branch of the dungeon, and saw 6 of its levels.

You collected 434 gold pieces.
You spent 182 gold pieces at shops.

Inventory:

Hand Weapons
 b - a +2 scythe of protection
 x - a +0 battleaxe (weapon)
Missiles
 w - 4 poisoned darts
 y - 3 boomerangs
Armour
 c - a +0 buckler (worn)
 l - a +0 plate armour (worn)
Jewellery
 r - an amulet of guardian spirit (around neck)
Wands
 j - a wand of flame (8)
 k - a wand of digging (7)
 B - a wand of polymorph (6)
Scrolls
 a - 2 scrolls of teleportation {unknown}
 d - 2 scrolls of immolation {unknown}
 i - 2 scrolls of vulnerability {unknown}
 n - 3 scrolls of blinking {unknown}
 o - 2 scrolls of amnesia {unknown}
 t - a scroll of poison {unknown}
 v - a scroll of torment {unknown}
 C - a scroll of enchant armour {unknown}
Potions
 m - 3 potions of mutation
 s - 2 potions of might
 u - a potion of brilliance
 z - a potion of enlightenment {unknown}
 A - a potion of curing {unknown}


   Skills:
 + Level 7.8 Fighting
 * Level 9.4 Axes
 - Level 3.2 Armour
 - Level 4.0 Shields


You had 8 spell levels left.
You didn't know any spells.
Your spell library was empty.

Dungeon Overview and Level Annotations

Branches:
Dungeon (6/15)
 Temple: D:4-7

Altars:
Ru
Zin

Shops:
D:6 (

Annotations:
D:5 1 transporter, blacky4's ghost, novice FoFi


Innate Abilities, Weirdness & Mutations

You cannot be hasted, slowed, berserked, paralysed or teleported.
You can dig through walls and to a lower floor.
You have a pair of large antennae on your head. (SInv)
You cannot study or cast Air magic.
You cannot study or cast Translocations magic.
You cannot study or cast Transmutations magic.
Your four strong arms can wield two-handed weapons with a shield.
You cannot voluntarily change form.


Message History

You are more poisoned.
The killer bee poisons you!
The killer bee stings you but does no damage.
You slice the killer bee!!
You kill the killer bee!
You slice the killer bee!!
You kill the killer bee!
You closely miss the killer bee.
* * * LOW HITPOINT WARNING * * *
You feel extremely sick. The killer bee stings you!
* * * LOW HITPOINT WARNING * * *
The killer bee stings you but does no damage.
The killer bee stings you.
You are more poisoned.
The killer bee poisons you!
You slice the killer bee!!
You kill the killer bee!
* * * LOW HITPOINT WARNING * * *
You feel extremely sick.
Unknown command.
It was a potion of berserk rage.
Your stasis prevents you from going berserk.
* * * LOW HITPOINT WARNING * * *
You feel extremely sick.
It was a potion of haste.
Your stasis prevents you from being hasted.
You feel less invigorated.
You feel less confused.
* * * LOW HITPOINT WARNING * * *
You feel very sick.
Unknown command.
It was a potion of degeneration.
There was something very wrong with that liquid.
You feel weakened.
You feel dopey.
You feel clumsy.
* * * LOW HITPOINT WARNING * * *
You feel very sick.
It was a potion of resistance.
You feel protected.
You die...

#...#########...##...
#..###.###.###..##.##
#..##...#..W##....<..
#..##.#.#.####.#.####
#..##...#...##.#.#
#..#.#.#.#.#.#.#.#
#..#.†#...#.y#.#.#
#.©#©†#.#.#.y#©..#
##.#@.#...#.y#.#.#
#.#.#.#!#.#/#.#.#
#.##!..#.!.##...#
#.##.#.#.#.##..##
#.##...#..y##..#
#.###.###.###..#
#..#########...#
##..###.###....#
##.........#.##


There were no monsters in sight!

Vanquished Creatures
  Grinder (D:3)
  Sigmund (D:2)
  A sky beast (D:6)
  An ogre (D:4)
  3 scorpions
  6 killer bees (D:5)
  2 jellies
  2 hounds
  4 orc priests
  An iguana (D:6)
  Jessica (D:2)
  3 orc wizards
  Terence (D:2)
  Robin (D:3)
  7 gnolls (D:5)
  8 adders
  A white imp (D:6)
  An ufetubus (D:4)
  An adder skeleton (D:2)
  2 worms
  A dart slug (D:2)
  12 orcs
  5 bats
  9 endoplasms
  5 giant cockroaches
  20 goblins
  3 hobgoblins
  3 jackals (D:2)
  4 quokkas
  5 ball pythons
  2 frilled lizards
  7 kobolds
  5 rats
129 creatures vanquished.

Vanquished Creatures (others)
  A centaur (D:6)
  A goblin (D:4)
2 creatures vanquished.

Grand Total: 131 creatures vanquished

Notes
Turn   | Place    | Note
-------+----------+-------------------------------------------
     0 | D:1      | Bnni the Formicid Fighter began the quest for the Orb.
     0 | D:1      | Reached XP level 1. HP: 18/18 MP: 1/1
    95 | D:1      | Reached XP level 2. HP: 17/24 MP: 2/2
   308 | D:1      | Reached XP level 3. HP: 30/30 MP: 3/3
   426 | D:1      | Reached skill level 3 in Axes
   802 | D:2      | Reached XP level 4. HP: 34/37 MP: 4/4
   824 | D:2      | Noticed Terence
   828 | D:2      | Noticed Jessica
   832 | D:2      | Killed Terence
   834 | D:2      | Killed Jessica
   835 | D:2      | Reached skill level 4 in Axes
   835 | D:2      | Reached XP level 5. HP: 37/43 MP: 5/5
   868 | D:2      | Noticed Sigmund
   885 | D:2      | Killed Sigmund
   886 | D:2      | Reached skill level 5 in Fighting
   886 | D:2      | Reached skill level 5 in Axes
   886 | D:2      | Reached XP level 6. HP: 45/51 MP: 6/6
   912 | D:2      | Found a faded altar of an unknown god.
   949 | D:2      | Prayed at the altar of an unknown god.
   949 | D:2      | Became a worshipper of Ru the Awakened
   958 | D:2      | Gained mutation: You cannot study or cast Air magic. [Ru
                  | sacrifice]
   958 | D:2      | Gained mutation: You cannot study or cast Transmutations
                  | magic. [Ru sacrifice]
   958 | D:2      | Gained mutation: You cannot study or cast Translocations
                  | magic. [Ru sacrifice]
   958 | D:2      | Reached * piety under Ru
  1528 | D:3      | Noticed Grinder
  1538 | D:3      | Killed Grinder
  1539 | D:3      | Reached skill level 6 in Axes
  1539 | D:3      | Reached XP level 7. HP: 38/57 MP: 3/7
  1680 | D:3      | Noticed Robin
  1712 | D:3      | Killed Robin
  2744 | D:4      | Reached skill level 7 in Axes
  2744 | D:4      | Reached XP level 8. HP: 41/64 MP: 5/8
  2984 | D:5      | Entered Level 5 of the Dungeon
  3008 | D:5      | Gained mutation: You cannot voluntarily change form. [Ru
                  | sacrifice]
  3008 | D:5      | Reached ** piety under Ru
  3278 | D:5      | Identified the +2 sling "Death Rattle" {antimagic, Int+4}
  3675 | D:5      | Noticed blacky4's ghost (novice FoFi)
  3686 | D:5      | Found a transporter.
  3693 | D:5      | Found a transporter.
  3763 | D:6      | Found Geanen's Antique Weapon Shop.
  3793 | D:6      | Bought a battleaxe for 182 gold pieces
  4140 | D:6      | Reached skill level 8 in Axes
  4781 | D:6      | Reached XP level 9. HP: 72/72 MP: 9/9
  4852 | D:6      | Found a glowing silver altar of Zin.
  5068 | D:5      | Reached skill level 9 in Axes
  5105 | D:5      | HP: 3/74 [poisoned by a killer bee]
  5106 | D:5      | Succumbed to a killer bee's poison

Illustrated notes

Levels and vault maps discovered:
D:1:      dpeg_arrival_lava_altar, layout_basic, st_stairs_13
D:2:      layout_rooms, shapermc_ecumenical_altar_venn, serial_undead,
          serial_undead_e, serial_undead_d, serial_undead_f, serial_undead_d,
          uniq_sigmund, uniq_jessica, uniq_terence
D:3:      cheibrodos_helix_gallery, layout_loops_ring, minmay_misc_feat_x,
          uniq_robin, uniq_grinder
D:4:      layout_gridville
D:5:      layout_loops_cross, gammafunk_ghost_hive
D:6:      layout_loops_corners, zin_treasury, serial_shops,
          nicolae_shop_window_shopping, kennysheep_generic_room_6

Skill      XL: |  1  2  3  4  5  6  7  8  9 |
---------------+----------------------------+-----
Axes           | 3 4 5 6 7 8 9 |  9.4
Fighting       | 4 5 6 7 |  7.8
Armour         | |  3.2
Shields        | |  4.0

Action                     |  1- 3 |  4- 6 |  7- 9 || total
---------------------------+-------+-------+-------++-------
  Melee: War axe           |    73 |    30 |       ||   103
         Halberd           |       |    50 |   218 ||   268
         Battleaxe         |       |       |    21 ||    21
 Invoke: Sacrifice Arcana  |       |     1 |       ||     1
         Sacrifice Forms   |       |       |     1 ||     1
Ability: Dig               |       |       |     1 ||     1
    Use: Potion            |       |     1 |    12 ||    13
         Scroll            |       |       |     4 ||     4
 Armour: Scale mail        |    36 |     6 |       ||    42
         Plate armour      |       |    22 |   183 ||   205
         Ring mail         |       |     8 |       ||     8
  Dodge: Dodged            |    25 |    29 |    87 ||   141
  Block: Buckler           |    12 |    11 |    71 ||    94

Table legend: (Time is in decaauts)
 A = Elapsed time spent in this place.
 B = Non-inter-level travel time spent in this place.
 C = Inter-level travel time spent in this place.
 D = Time resting spent in this place.
 E = Time spent auto-exploring this place.
 F = Levels seen in this place.
 G = Mean time per level.
                   A        B        C        D        E       F      G
               +--------+--------+--------+--------+--------+-----+--------+
         Total |   5235 |   4939 |    296 |    156 |   3770 |   6 |  872.5 |
       Dungeon |   5235 |   4939 |    296 |    156 |   3770 |   6 |  872.5 |
               +--------+--------+--------+--------+--------+-----+--------+

Top non-repeatable levels by time:
     D:6: 1212 daAuts
     D:5: 952 daAuts
     D:3: 859 daAuts
     D:1: 823 daAuts
     D:4: 804 daAuts
     D:2: 584 daAuts
